| TOP OF THE 1ST |
|
Washington (APP) Nationals batting - Pitching for Miami (APP) Marlins : RHP Ivan Baltodano
|
|
Pitching: RHP Ivan Baltodano
|
|
|
Batting: LHB Chris Williams
|
0-0: Ball 1-0: Foul Ball, location: 2F 1-1: Ball 2-1: Foul Ball, location: 2F 2-2: Ground out U3 (Groundball, 3L, EV 92.5 MPH)
|
|
Batting: RHB Taffounnout Kame
|
0-0: Called Strike 0-1: Foul Ball, location: 2F 0-2: Fly out, F8 (Flyball, 89D, EV 88.1 MPH)
|
|
Batting: RHB Er Le
|
0-0: Ball 1-0: Ground out 3-1 (Groundball, 34S, EV 82.5 MPH)
|
| Top of the 1st over - 0 runs, 0 hits, 0 errors, 0 left on base; Washington (APP) 0 - Miami (APP) 0 |
| BOTTOM OF THE 1ST |
|
Miami (APP) Marlins batting - Pitching for Washington (APP) Nationals : RHP Danny Clarke
|
|
Pitching: RHP Danny Clarke
|
|
|
Batting: RHB Robbie Gomez
|
0-0: Foul Ball, location: 2F 0-1: Ball 1-1: Fly out, F9 (Flyball, 9D, EV 96.2 MPH)
|
|
Batting: RHB Tony Ledezma
|
0-0: Ball 1-0: Ball 2-0: Called Strike 2-1: Ball 3-1: Base on Balls
|
|
Batting: RHB Clark Meagher
|
0-0: Ball Passed Ball! Tony Ledezma to second 1-0: Fly out, F8 (Flyball, 8LXD, EV 110.0 MPH)
|
|
Batting: RHB Rick English
|
0-0: Swinging Strike 0-1: Called Strike 0-2: Ball 1-2: Ball 2-2: Strikes out swinging
|
| Bottom of the 1st over - 0 runs, 0 hits, 0 errors, 1 left on base; Washington (APP) 0 - Miami (APP) 0 |
| TOP OF THE 2ND |
|
Washington (APP) Nationals batting - Pitching for Miami (APP) Marlins : RHP Ivan Baltodano
|
|
Batting: SHB Curtis DeLille
|
0-0: Ball 1-0: Ball 2-0: Ball 3-0: Base on Balls
|
|
Batting: RHB Steve Kunselman
|
0-0: Swinging Strike 0-1: Ball 1-1: Foul Ball, location: 2F 1-2: Ball 2-2: Strikes out swinging
|
|
Batting: RHB Xavier Reeves
|
0-0: Reached on error, E6 (Groundball, 6, EV 84.4 MPH) Curtis DeLille to second
|
|
Batting: RHB Aaron Bateman
|
0-0: Fielders Choice at 2nd, 6-4 (Groundball, 56, EV 101.2 MPH) Curtis DeLille to third
|
|
Batting: RHB Justin Van Houten
|
0-0: Fielders Choice at 2nd, 6-4 (Groundball, 6, EV 86.2 MPH)
|
| Top of the 2nd over - 0 runs, 0 hits, 1 error, 2 left on base; Washington (APP) 0 - Miami (APP) 0 |
| BOTTOM OF THE 2ND |
|
Miami (APP) Marlins batting - Pitching for Washington (APP) Nationals : RHP Danny Clarke
|
|
Batting: LHB Tony Olmos
|
0-0: Ball 1-0: Foul Ball, location: 2F 1-1: Ball 2-1: Ball 3-1: Foul Ball, location: 2F 3-2: Base on Balls
|
|
Batting: RHB David Martin
|
0-0: Ball 1-0: Ball 2-0: Ball 3-0: Called Strike 3-1: Base on Balls Tony Olmos to second
|
|
Batting: RHB Axel Moltke
|
0-0: SINGLE (Flyball, 78S, EV 91.2 MPH) Tony Olmos to third David Martin to second
|
|
Batting: RHB Terrell Smith
|
0-0: Fielders Choice at 2nd, 3-6 (Groundball, 34D, EV 105.0 MPH) Tony Olmos scores David Martin to third
|
|
Batting: RHB Hikaru Nakata
|
0-0: Ball 1-0: Ball 2-0: Ball 3-0: Called Strike 3-1: Base on Balls Terrell Smith to second
|
|
Batting: RHB Robbie Gomez
|
0-0: Ball 1-0: Called Strike 1-1: Foul Ball, location: 2F 1-2: Ball 2-2: Foul Ball, location: 2F 2-2: Strikes out swinging
|
|
Batting: RHB Tony Ledezma
|
0-0: Ball 1-0: Ground out U3 (Groundball, 34, EV 89.4 MPH)
|
| Bottom of the 2nd over - 1 run, 1 hit, 0 errors, 3 left on base; Washington (APP) 0 - Miami (APP) 1 |
| TOP OF THE 3RD |
|
Washington (APP) Nationals batting - Pitching for Miami (APP) Marlins : RHP Ivan Baltodano
|
|
Batting: SHB Nolan Carew
|
0-0: Fly out, F9 (Line Drive, 9D, EV 96.9 MPH)
|
|
Batting: LHB Chris Williams
|
0-0: Foul Ball, location: 2F 0-1: Ball 1-1: Hit by Pitch
|
|
Batting: RHB Taffounnout Kame
|
0-0: SINGLE (Groundball, 4MD, EV 98.8 MPH) Chris Williams to second
|
|
Batting: RHB Er Le
|
0-0: Called Strike 0-1: Swinging Strike 0-2: Strikes out looking
|
|
Batting: SHB Curtis DeLille
|
0-0: Called Strike 0-1: Called Strike 0-2: Ball 1-2: Strikes out looking
|
| Top of the 3rd over - 0 runs, 1 hit, 0 errors, 2 left on base; Washington (APP) 0 - Miami (APP) 1 |
| BOTTOM OF THE 3RD |
|
Miami (APP) Marlins batting - Pitching for Washington (APP) Nationals : RHP Danny Clarke
|
|
Batting: RHB Clark Meagher
|
0-0: Foul Ball, location: 2F 0-1: Fly out, F8 (Flyball, 78D, EV 83.8 MPH)
|
|
Batting: RHB Rick English
|
0-0: Foul Ball, location: 2F 0-1: SINGLE (Groundball, 4D, EV 98.8 MPH)
|
|
Batting: LHB Tony Olmos
|
0-0: Ball 1-0: Ball 2-0: Swinging Strike 2-1: Foul Ball, location: 2F 2-2: Grounds into double play, U6-3 (Groundball, 4MD, EV 102.5 MPH)
|
| Bottom of the 3rd over - 0 runs, 1 hit, 0 errors, 0 left on base; Washington (APP) 0 - Miami (APP) 1 |
| TOP OF THE 4TH |
|
Washington (APP) Nationals batting - Pitching for Miami (APP) Marlins : RHP Ivan Baltodano
|
|
Batting: RHB Steve Kunselman
|
0-0: Called Strike 0-1: Foul Ball, location: 2F 0-2: SINGLE (Flyball, 7LS, EV 91.9 MPH)
|
|
Batting: RHB Xavier Reeves
|
0-0: Ball 1-0: Foul Ball, location: 2F 1-1: Ball 2-1: SINGLE (Line Drive, 78M, EV 104.4 MPH) Steve Kunselman to second
|
|
Batting: RHB Aaron Bateman
|
0-0: Ball 1-0: Ball 2-0: Ball 3-0: Called Strike 3-1: SINGLE (Groundball, 6M, EV 103.1 MPH) (infield hit) Steve Kunselman to third Xavier Reeves to second
|
|
Batting: RHB Justin Van Houten
|
0-0: Called Strike 0-1: Ball 1-1: Swinging Strike 1-2: Ball 2-2: Fielders Choice at 2nd, 6-4 (Groundball, 6, EV 91.2 MPH) Steve Kunselman scores Xavier Reeves to third
|
|
Batting: SHB Nolan Carew
|
0-0: Ball Justin Van Houten is caught stealing 2nd base 2-6 1-0: Called Strike 1-1: Fly out, F5 (Popup, 5SF, EV 71.2 MPH)
|
| Top of the 4th over - 1 run, 3 hits, 0 errors, 1 left on base; Washington (APP) 1 - Miami (APP) 1 |
| BOTTOM OF THE 4TH |
|
Miami (APP) Marlins batting - Pitching for Washington (APP) Nationals : RHP Danny Clarke
|
|
Batting: RHB David Martin
|
0-0: Ball 1-0: Foul Ball, location: 2F 1-1: Called Strike 1-2: Foul Ball, location: 2F 1-2: Ball 2-2: Ball 3-2: Base on Balls
|
|
Batting: RHB Axel Moltke
|
0-0: Swinging Strike 0-1: Ball 1-1: Called Strike 1-2: Ball 2-2: Ball 3-2: DOUBLE (Line Drive, 89D, EV 101.2 MPH) David Martin to third Runner from 3rd tries for Home, SAFE, throw by CF to home
|
|
Batting: RHB Terrell Smith
|
0-0: Ball 1-0: Swinging Strike 1-1: Ground out 3-1 (Groundball, 34S, EV 85.0 MPH) Axel Moltke to third
|
|
Batting: RHB Hikaru Nakata
|
0-0: Called Strike 0-1: Foul Ball, location: 2F 0-2: Strikes out swinging
|
|
Batting: RHB Robbie Gomez
|
0-0: 2-RUN HOME RUN (Flyball, 78XD, EV 111.2 MPH), Distance : 435 ft
|
|
Batting: RHB Tony Ledezma
|
0-0: Ball 1-0: Ball 2-0: Foul Ball, location: 2F 2-1: Foul Ball, location: 2F 2-2: Foul Ball, location: 2F 2-2: Ball 3-2: Foul Ball, location: 2F 3-2: Foul Ball, location: 2F 3-2: Fly out, F7 (Flyball, 7LM, EV 101.2 MPH)
|
| Bottom of the 4th over - 3 runs, 2 hits, 0 errors, 0 left on base; Washington (APP) 1 - Miami (APP) 4 |
| TOP OF THE 5TH |
|
Washington (APP) Nationals batting - Pitching for Miami (APP) Marlins : RHP Ivan Baltodano
|
|
Batting: LHB Chris Williams
|
0-0: Ball 1-0: Ball 2-0: Foul Ball, location: 2F 2-1: Ball 3-1: Called Strike 3-2: TRIPLE (Flyball, 8RXD, EV 104.4 MPH)
|
|
Batting: RHB Taffounnout Kame
|
0-0: DOUBLE (Groundball, 5L, EV 103.1 MPH) Chris Williams scores
|
|
Batting: RHB Er Le
|
0-0: Called Strike 0-1: Called Strike 0-2: Ball 1-2: Ground out 5-3 (Groundball, 56, EV 104.4 MPH)
|
|
Batting: SHB Curtis DeLille
|
0-0: 2-RUN HOME RUN (Flyball, 9D, EV 101.2 MPH), Distance : 370 ft
|
|
Batting: RHB Steve Kunselman
|
0-0: Called Strike 0-1: Ball 1-1: Swinging Strike 1-2: Strikes out swinging
|
|
Batting: RHB Xavier Reeves
|
0-0: Foul Ball, location: 2F 0-1: Swinging Strike 0-2: Ball 1-2: Strikes out swinging
|
| Top of the 5th over - 3 runs, 3 hits, 0 errors, 0 left on base; Washington (APP) 4 - Miami (APP) 4 |
| BOTTOM OF THE 5TH |
|
Miami (APP) Marlins batting - Pitching for Washington (APP) Nationals : RHP Danny Clarke
|
|
Batting: RHB Clark Meagher
|
0-0: Swinging Strike 0-1: Called Strike 0-2: Foul Ball, location: 2F 0-2: Ball 1-2: Strikes out looking
|
|
Pitching: RHP Matt Norris
|
|
|
Batting: RHB Rick English
|
0-0: Ball 1-0: Ground out 6-3 (Groundball, 56, EV 87.5 MPH)
|
|
Batting: LHB Tony Olmos
|
0-0: Called Strike 0-1: Ball 1-1: Ball 2-1: Ball 3-1: Swinging Strike 3-2: Foul Ball, location: 2F 3-2: Strikes out swinging
|
| Bottom of the 5th over - 0 runs, 0 hits, 0 errors, 0 left on base; Washington (APP) 4 - Miami (APP) 4 |
| TOP OF THE 6TH |
|
Washington (APP) Nationals batting - Pitching for Miami (APP) Marlins : RHP Ivan Baltodano
|
|
Batting: RHB Aaron Bateman
|
0-0: Foul Ball, location: 2F 0-1: Foul Ball, location: 2F 0-2: Strikes out swinging
|
|
Batting: RHB Justin Van Houten
|
0-0: Swinging Strike 0-1: Ball 1-1: Ball 2-1: Swinging Strike 2-2: Foul Ball, location: 2F 2-2: Strikes out looking
|
|
Batting: SHB Nolan Carew
|
0-0: Called Strike 0-1: Swinging Strike 0-2: Ball 1-2: Ball 2-2: Strikes out swinging
|
| Top of the 6th over - 0 runs, 0 hits, 0 errors, 0 left on base; Washington (APP) 4 - Miami (APP) 4 |
| BOTTOM OF THE 6TH |
|
Miami (APP) Marlins batting - Pitching for Washington (APP) Nationals : RHP Matt Norris
|
|
Batting: RHB David Martin
|
0-0: Ground out 6-3 (Groundball, 6, EV 81.9 MPH)
|
|
Batting: RHB Axel Moltke
|
0-0: Ball 1-0: Ball 2-0: Called Strike 2-1: SINGLE (Groundball, 25, EV 65.6 MPH) (infield hit)
|
|
Batting: RHB Terrell Smith
|
0-0: Called Strike 0-1: Foul Ball, location: 2F 0-2: Ball 1-2: Foul Ball, location: 2F 1-2: Ball 2-2: Ball 3-2: Strikes out swinging Axel Moltke is caught stealing 2nd base 2-4 Batter strikes out.
|
| Bottom of the 6th over - 0 runs, 1 hit, 0 errors, 0 left on base; Washington (APP) 4 - Miami (APP) 4 |
| TOP OF THE 7TH |
|
Washington (APP) Nationals batting - Pitching for Miami (APP) Marlins : RHP Ivan Baltodano
|
|
Batting: LHB Chris Williams
|
0-0: Ball 1-0: Ball 2-0: Ball 3-0: Called Strike 3-1: Called Strike 3-2: Base on Balls
|
|
Batting: RHB Taffounnout Kame
|
0-0: Bunt missed! 0-1: Ball 1-1: Ball Chris Williams steals 2nd base 2-1: Bunt missed! 2-2: Strikes out looking
|
|
Batting: RHB Er Le
|
0-0: Called Strike 0-1: Foul Ball, location: 2F 0-2: Ball 1-2: Ball 2-2: Foul Ball, location: 2F 2-2: Ball 3-2: Ground out 5-3 (Groundball, 56S, EV 81.9 MPH)
|
|
Batting: SHB Curtis DeLille
|
0-0: Ball 1-0: Called Strike 1-1: 2-RUN HOME RUN (Flyball, 89XD, EV 108.1 MPH), Distance : 418 ft
|
|
Pitching: RHP Franklin Vazquez
|
|
|
Batting: RHB Steve Kunselman
|
0-0: Called Strike 0-1: Foul Ball, location: 2F 0-2: Ball 1-2: Foul Ball, location: 2F 1-2: Ball 2-2: Fly out, F7 (Flyball, 7D, EV 101.2 MPH)
|
| Top of the 7th over - 2 runs, 1 hit, 0 errors, 0 left on base; Washington (APP) 6 - Miami (APP) 4 |
| BOTTOM OF THE 7TH |
|
Miami (APP) Marlins batting - Pitching for Washington (APP) Nationals : RHP Matt Norris
|
|
Batting: RHB Hikaru Nakata
|
0-0: Ball 1-0: Ball 2-0: Ground out 5-3 (Groundball, 56, EV 106.9 MPH)
|
|
Batting: RHB Robbie Gomez
|
0-0: Ball 1-0: Ball 2-0: Foul Ball, location: 2F 2-1: Foul Ball, location: 2F 2-2: Foul Ball, location: 2F 2-2: Fly out, F8 (Flyball, 89D, EV 101.9 MPH)
|
|
Pitching: RHP Greg Hall
|
|
|
Batting: RHB Tony Ledezma
|
0-0: Called Strike 0-1: Swinging Strike 0-2: Ball 1-2: Fly out, F4 (Popup, 4M, EV 65.6 MPH)
|
| Bottom of the 7th over - 0 runs, 0 hits, 0 errors, 0 left on base; Washington (APP) 6 - Miami (APP) 4 |
| TOP OF THE 8TH |
|
Washington (APP) Nationals batting - Pitching for Miami (APP) Marlins : RHP Franklin Vazquez
|
|
Batting: RHB Xavier Reeves
|
0-0: Ball 1-0: Ball 2-0: Foul Ball, location: 2F 2-1: Ball 3-1: Fly out, F8 (Flyball, 8RD, EV 104.4 MPH)
|
|
Batting: RHB Aaron Bateman
|
0-0: Foul Ball, location: 2F 0-1: Swinging Strike 0-2: Ball 1-2: Foul Ball, location: 2F 1-2: Foul Ball, location: 2F 1-2: Ball 2-2: Foul Ball, location: 2F 2-2: Foul Ball, location: 2F 2-2: Ball 3-2: Base on Balls
|
|
Batting: RHB Justin Van Houten
|
0-0: Ball Aaron Bateman steals 2nd base 1-0: Intentional Walk
|
|
Batting: RHB Justin Davenport
|
0-0: Called Strike 0-1: Fielders Choice at 2nd, 5-4 (Groundball, 56S, EV 85.0 MPH) Aaron Bateman to third
|
|
Batting: LHB Chris Williams
|
0-0: Ball 1-0: Ball 2-0: Foul Ball, location: 2F 2-1: Swinging Strike 2-2: Ground out U3 (Groundball, 23, EV 78.1 MPH)
|
| Top of the 8th over - 0 runs, 0 hits, 0 errors, 2 left on base; Washington (APP) 6 - Miami (APP) 4 |
| BOTTOM OF THE 8TH |
|
Miami (APP) Marlins batting - Pitching for Washington (APP) Nationals : RHP Greg Hall
|
|
Batting: RHB Clark Meagher
|
0-0: Ball 1-0: Ball 2-0: Ball 3-0: Base on Balls
|
|
Batting: RHB Rick English
|
0-0: Ground out 4-3 (Groundball, 34S, EV 88.1 MPH) Clark Meagher to second
|
|
Pitching: LHP Mike Rosas
|
|
|
Pinch Hitting: RHB Adrian Bocker
|
0-0: Ball Wild Pitch! Clark Meagher to third 1-0: Ball 2-0: Ball Wild Pitch! Clark Meagher scores 3-0: Called Strike 3-1: Swinging Strike 3-2: Foul Ball, location: 2F 3-2: SINGLE (Groundball, 4MD, EV 96.9 MPH)
|
|
Batting: RHB David Martin
|
0-0: Ball 1-0: Foul Ball, location: 2F 1-1: Swinging Strike 1-2: Foul Ball, location: 2F 1-2: Strikes out swinging
|
|
Batting: RHB Axel Moltke
|
0-0: Foul Ball, location: 2F 0-1: Ball 1-1: Ball 2-1: Ball 3-1: Foul Ball, location: 2F 3-2: Base on Balls Adrian Bocker to second
|
|
Batting: RHB Terrell Smith
|
0-0: Ball 1-0: Fly out, F7 (Flyball, 78S, EV 90.0 MPH)
|
| Bottom of the 8th over - 1 run, 1 hit, 0 errors, 2 left on base; Washington (APP) 6 - Miami (APP) 5 |
| TOP OF THE 9TH |
|
Washington (APP) Nationals batting - Pitching for Miami (APP) Marlins : RHP Franklin Vazquez
|
|
Pitching: RHP Cesar Jimenez
|
|
|
Now at 1B: Adrian Bocker
|
|
|
Batting: RHB Taffounnout Kame
|
0-0: Ball 1-0: Foul Ball, location: 2F 1-1: Ground out 4-3 (Groundball, 4, EV 88.1 MPH)
|
|
Batting: RHB Er Le
|
0-0: Ball 1-0: Called Strike 1-1: Fly out, F8 (Flyball, 8LM, EV 84.4 MPH)
|
|
Batting: SHB Curtis DeLille
|
0-0: Ball 1-0: Called Strike 1-1: Called Strike 1-2: Ball 2-2: Strikes out looking
|
| Top of the 9th over - 0 runs, 0 hits, 0 errors, 0 left on base; Washington (APP) 6 - Miami (APP) 5 |
| BOTTOM OF THE 9TH |
|
Miami (APP) Marlins batting - Pitching for Washington (APP) Nationals : LHP Mike Rosas
|
|
Pitching: RHP Oswaldo Vasquez
|
|
|
Batting: RHB Hikaru Nakata
|
0-0: Foul Ball, location: 2F 0-1: Swinging Strike 0-2: DOUBLE (Line Drive, 9LS, EV 103.8 MPH)
|
|
Batting: RHB Robbie Gomez
|
0-0: Ball 1-0: Called Strike 1-1: Ground out 6-3 (Groundball, 6MD, EV 101.9 MPH) Hikaru Nakata to third
|
|
Batting: RHB Tony Ledezma
|
0-0: Ball 1-0: Called Strike 1-1: Called Strike 1-2: Ball 2-2: Strikes out swinging
|
|
Batting: RHB Clark Meagher
|
0-0: Ball 1-0: Ball 2-0: Called Strike 2-1: Foul Ball, location: 2F 2-2: Foul Ball, location: 2F 2-2: Foul Ball, location: 2F 2-2: Foul Ball, location: 2F 2-2: Ground out 4-3 (Groundball, 6M, EV 105.6 MPH)
|
| Bottom of the 9th over - 0 runs, 1 hit, 0 errors, 1 left on base; Washington (APP) 6 - Miami (APP) 5 |
|